 Dungeon Crawl Stone Soup version 0.20.1-1-g8b1a95d (webtiles) character file.

737 KleinerIrrer the Magician (level 7, 0/46 HPs)
             Began as a Mummy Ice Elementalist on July 7, 2017.
             Was a Believer of Sif Muna.
             Killed by divine providence
             ... invoked by an orc priest
              (10 damage)
             ... on level 5 of the Dungeon.
             The game lasted 00:21:33 (5946 turns).

KleinerIrrer the Magician (Mummy Ice Elementalist)  Turns: 5946, Time: 00:21:35

Health: 0/46       AC:  4    Str: 11    XL:     7   Next: 46%
Magic:  0/17       EV: 12    Int: 16    God:    Sif Muna [**....]
Gold:   264        SH:  0    Dex: 13    Spells: 13/20 levels left

rFire    x . .     SeeInvis .   f - +0 dagger
rCold    + . .     Gourm    .   (no shield)
rNeg     + + +     Faith    .   a - +0 robe
rPois    ∞         Spirit   .   (no helmet)
rElec    .         Reflect  .   (no cloak)
rCorr    .         Harm     .   (no gloves)
MR       .....                  c - +1 pair of boots
Stlth    ++........             (no amulet)
Regen    0.2/turn               i - ring of flight
MPRegen  0.2/turn               (no ring)

@: very slightly contaminated, no casting
A: no food or potions, fire vulnerability, cold resistance 1, negative energy
resistance 3, torment resistance, unbreathing
a: Stop Divine Energy, Renounce Religion, Evoke Flight


You were on level 5 of the Dungeon.
You worshipped Sif Muna.
Sif Muna was pleased with you.
You were not hungry.

You visited 1 branch of the dungeon, and saw 5 of its levels.

You collected 264 gold pieces.

Inventory:

Hand Weapons
 f - a +0 dagger (weapon)
Missiles
 d - 6 steel javelins (quivered)
Armour
 a - a +0 robe (worn)
 c - a +1 pair of boots (worn)
Jewellery
 i - a ring of flight (left hand)
Scrolls
 e - 2 scrolls of remove curse
 g - 2 scrolls of identify
 h - 2 scrolls of enchant weapon {unknown}
 j - a scroll of magic mapping
 k - 2 scrolls of noise {unknown}
Books
 b - a book of Frost

   Spells                             Type                      Level
   a - Freeze                         Ice                          1
   b - Throw Frost                    Conjuration/Ice              2
   c - Ozocubu's Armour               Charms/Ice                   3
   d - Throw Icicle                   Conjuration/Ice              4
   e - Summon Ice Beast               Ice/Summoning                4


   Skills:
 - Level 1.7 Dodging
 - Level 1.6 Stealth
 + Level 7.2 Spellcasting
 - Level 0.7 Conjurations
 * Level 2.2 Summonings
 + Level 4.9 Ice Magic


You had 13 spell levels left.
You knew the following spells:

 Your Spells              Type           Power        Failure   Level  Hunger
a - Freeze                Ice            ###.         1%          1    N/A
b - Throw Frost           Conj/Ice       ##....       5%          2    N/A
c - Summon Ice Beast      Ice/Summ       ###.....     26%         4    N/A

Dungeon Overview and Level Annotations

Branches:
Dungeon (5/15)
 Temple: D:4-7

Altars:
Dithmenos
Gozag
Nemelex Xobeh
Sif Muna
Xom


Innate Abilities, Weirdness & Mutations

You do not eat or drink.
Your flesh is vulnerable to fire.
You are immune to poison.
Your flesh is cold resistant. (rC+)
You are immune to negative energy. (rN+++)
You are immune to unholy pain and torment.
You can survive without breathing.


Message History

Sif Muna protects you from the effects of your miscast!
The worker ant misses you.
Casting: Summon Ice Beast
Confirm with . or Enter, or press ? or * to list all spells.
A chill wind blows around you. Sif Muna grants you divine energy.
You briefly lose access to your magic!
Your ice beast hits the orc.
Your ice beast freezes the orc!
The orc dies!
Sif Muna accepts your kill. The worker ant barely misses you.
The orc wizard casts a spell.
The orc wizard blinks!
You hit the worker ant.
The worker ant is lightly wounded.
The worker ant bites you.
* * * LOW HITPOINT WARNING * * *
The orc priest mumbles some strange prayers to Beogh against you.
Beogh smites you!
You die...

..# ..# ..# ..#######
...)oo.o. ..#
.o########
§.......)############.#
########..oY..Y.@a....#
# ################


You could see a worker ant, an orc priest and 2 friendly ice beasts.

Vanquished Creatures
  A phantom (D:4)
  2 ogres (D:4)
  A scorpion (D:4)
  A howler monkey (D:4)
  2 hounds (D:4)
  An orc wizard (D:3)
  Terence (D:3)
  2 worker ants (D:4)
  6 adders
  2 gnolls (D:1)
  An ooze (D:4)
  2 worms (D:3)
  5 dart slugs
  6 leopard geckos
  5 orcs
  A ball python (D:1)
  7 giant cockroaches
  13 hobgoblins
  4 jackals (D:4)
  2 quokkas
  10 bats
  6 frilled lizards
  7 goblins
  6 kobolds
  A leopard gecko skeleton (D:4)
  12 rats
107 creatures vanquished.

Vanquished Creatures (collateral kills)
  3 orc priests
  An orc wizard (D:5)
  An adder skeleton (D:4)
  A worm (D:4)
  4 orcs
10 creatures vanquished.

Grand Total: 117 creatures vanquished

Notes
Turn   | Place    | Note
-------+----------+-------------------------------------------
     0 | D:1      | KleinerIrrer the Mummy Ice Elementalist began the quest for the Orb.
     0 | D:1      | Reached XP level 1. HP: 13/13 MP: 4/4
   359 | D:1      | Reached XP level 2. HP: 19/19 MP: 2/5
   450 | D:1      | Reached skill level 3 in Spellcasting
   841 | D:1      | Reached XP level 3. HP: 13/24 MP: 0/8
  1180 | D:1      | Learned a level 2 spell: Throw Frost
  1687 | D:2      | Reached skill level 4 in Spellcasting
  2058 | D:2      | Reached XP level 4. HP: 29/30 MP: 5/10
  2372 | D:2      | Found a sparkling altar of Nemelex Xobeh.
  2464 | D:2      | Found a deep blue altar of Sif Muna.
  2467 | D:2      | Became a worshipper of Sif Muna the Loreminder
  2729 | D:3      | Found a faded altar of an unknown god.
  2760 | D:3      | Learned a level 4 spell: Summon Ice Beast
  3237 | D:3      | Reached XP level 5. HP: 34/35 MP: 9/12
  3239 | D:3      | Found a shimmering altar of Xom.
  3389 | D:3      | Found an opulent altar of Gozag.
  3402 | D:3      | Noticed Terence
  3428 | D:3      | Killed Terence
  3428 | D:3      | Reached skill level 5 in Spellcasting
  3746 | D:3      | Found a shadowy altar of Dithmenos.
  4272 | D:4      | Reached skill level 1 in Summonings
  4282 | D:4      | Noticed an ogre
  4289 | D:4      | Killed an ogre
  4289 | D:4      | Reached * piety under Sif Muna
  4289 | D:4      | Reached XP level 6. HP: 29/41 MP: 9/14
  4294 | D:4      | Reached skill level 6 in Spellcasting
  5284 | D:4      | Reached XP level 7. HP: 18/46 MP: 0/17
  5562 | D:4      | Reached skill level 7 in Spellcasting
  5632 | D:4      | Found an opulent altar of Gozag.
  5842 | D:5      | Entered Level 5 of the Dungeon
  5906 | D:5      | Reached ** piety under Sif Muna
  5946 | D:5      | Killed from afar by an orc priest

Skill      XL: |  1  2  3  4  5  6  7 |
---------------+----------------------+-----
Spellcasting   | 3 4 5 6 7 |  7.2
Ice Magic      | 3 4 |  4.9
Summonings     | 1 2 |  2.2
Dodging        | |  1.7
Stealth        | |  1.6
Conjurations   | |  0.7

Action                   |  1- 3 |  4- 6 |  7- 9 || total
-------------------------+-------+-------+-------++-------
Melee: Unarmed           |     2 |       |       ||     2
       Dagger            |     1 |    71 |     3 ||    75
Throw: Javelin           |       |     7 |     1 ||     8
 Cast: Freeze            |    58 |   107 |    12 ||   177
       Throw Frost       |    16 |    22 |     3 ||    41
       Summon Ice Beast  |       |     6 |     5 ||    11
Invok: Divine Energy     |       |     1 |       ||     1
  Use: Scroll            |       |     6 |       ||     6
 Stab: Sleeping          |       |     2 |     1 ||     3
       Distracted        |       |     1 |       ||     1
Armor: Robe              |    10 |    35 |       ||    45
Dodge: Dodged            |    31 |    76 |    12 ||   119
